 Dungeon Crawl Stone Soup version 0.23.2-1-ga50397a6bc (webtiles) character file.

Game seed: 4569941123758684373

621 Kobolds4U the Protected (level 7, 0/61 HPs)
             Began as a Minotaur Fighter on Apr 23, 2019.
             Was a Follower of Wu Jian.
             Succumbed to a killer bee's poison
             ... on level 3 of the Dungeon.
             The game lasted 00:06:11 (3391 turns).

Kobolds4U the Protected (Minotaur Fighter)          Turns: 3391, Time: 00:06:11

Health: 0/61       AC: 13    Str: 21    XL:     7   Next: 22%
Magic:  6/6        EV:  8    Int:  6    God:    Wu Jian [*.....]
Gold:   155        SH:  0    Dex: 10    Spells: 6/6 levels left

rFire    . . .     SeeInvis .   u - +1 mace (drain)
rCold    . . .     Gourm    .   (no shield)
rNeg     . . .     Faith    .   x - +0 chain mail
rPois    .         Spirit   .   (helmet restricted)
rElec    .         Reflect  .   r - +0 cloak
rCorr    +         Harm     .   t - +0 pair of gloves
MR       .....                  (no boots)
Stlth    ..........             (no amulet)
HPRegen  0.20/turn              m - +2 ring of slaying
MPRegen  0.10/turn              q - ring of resist corrosion

@: lethally poisoned (0 -> -18)
A: retaliatory headbutt, horns 2
a: Renounce Religion


You were on level 3 of the Dungeon.
You worshipped Wu Jian.
Wu Jian was aware of your devotion.
You were not hungry.

You visited 1 branch of the dungeon, and saw 4 of its levels.

You collected 155 gold pieces.

Inventory:

Hand Weapons
 a - a +0 war axe
 u - a +1 mace of draining (weapon)
 y - a +0 mace of holy wrath
Missiles
 s - 3 tomahawks (quivered)
Armour
 r - a +0 cloak (worn)
 t - a +0 pair of gloves (worn)
 x - a +0 chain mail (worn)
Jewellery
 m - a +2 ring of slaying (left hand)
 q - a ring of resist corrosion (right hand)
Wands
 p - a wand of flame (7)
Scrolls
 c - 2 scrolls of enchant weapon {unknown}
 e - 4 scrolls of teleportation {unknown}
 g - 6 scrolls of identify {unknown}
 j - 3 scrolls of remove curse {unknown}
 n - a scroll of noise {unknown}
 o - a scroll of blinking {unknown}
 w - 2 scrolls of fear {unknown}
Potions
 d - a potion of might
 h - a potion of degeneration {unknown}
 i - 2 potions of flight {unknown}
 k - a potion of heal wounds {unknown}
 l - 2 potions of curing
Comestibles
 f - 8 rations


   Skills:
 - Level 5.0 Fighting
 + Level 5.5 Axes
 * Level 8.0 Armour
   Level 3.6 Shields


You had 6 spell levels left.
You didn't know any spells.
Your spell library contained the following spells:

 Spells                   Type           Power        Failure   Level  Hunger
 Animate Skeleton         Necr           N/A          98%         1    ##.....
 Apportation              Tloc           #.....       98%         1    ##.....
 Confusing Touch          Hex            #.....       98%         1    ##.....
 Summon Small Mammal      Summ           #...         98%         1    ##.....


Dungeon Overview and Level Annotations

Branches:
Dungeon (4/15)
 Temple: D:4-7

Altars:
Ashenzari
Cheibriados
Hepliaklqana
Nemelex Xobeh
Wu Jian
The Shining One


Innate Abilities, Weirdness & Mutations

You reflexively headbutt those who attack you in melee.
You have a pair of horns on your head.


Message History

The Council accepts your kill.
Your Armour skill increases to level 8!
You feel sick.
The worker ant bites you but does no damage.
The killer bee stings you.
You are lethally poisoned!
The killer bee poisons you!
* * * LOW HITPOINT WARNING * * *
You feel sick. The killer bee stings you.
* * * LOW HITPOINT WARNING * * *
There is a stone staircase leading up, spattered with blood here.
* * * LOW HITPOINT WARNING * * *
You feel sick. The killer bee barely misses you.
The killer bee stings you but does no damage.
The killer bee stings you.
* * * LOW HITPOINT WARNING * * *
The killer bee stings you.
* * * LOW HITPOINT WARNING * * *
You climb upwards.
You die...

##...##.#.###.....#..#......##
.....#....####.......##......####
..#.......#......................
###................>.###.....###.
##..#.......##.###.### ##...###..
#.........#.##.# #...# ##.......
....#####.#.##.# #...# #..###..
##.## #.#.##.###...#####...###.
##.# #..<....@....<..###..###.
##.########.##.y.y........)......
............##.....)....###.)##.#
##############.###...#### #..##.#
# #.# #...# #).##.. #.# #...#
#..###' #.####.### ######..
#........# ##..##...
######.#.###....'...


You could see 2 killer bees.

Vanquished Creatures
  Grinder (D:3)
  Sigmund (D:2)
  A killer bee (D:4)
  An orc priest (D:3)
  Crazy Yiuf (D:2)
  An orc wizard (D:3)
  Robin (D:2)
  5 adders
  2 worms (D:3)
  A dart slug (D:2)
  2 leopard geckos
  4 orcs (D:3)
  3 ball pythons
  5 bats
  10 hobgoblins
  3 jackals (D:2)
  8 kobolds
  3 quokkas
  5 frilled lizards
  10 goblins
  4 rats
72 creatures vanquished.

Notes
Turn   | Place    | Note
-------+----------+-------------------------------------------
     0 | D:1      | Kobolds4U the Minotaur Fighter began the quest for the Orb.
     0 | D:1      | Reached XP level 1. HP: 19/19 MP: 0/0
   318 | D:1      | Reached skill level 4 in Armour
   322 | D:1      | Reached XP level 2. HP: 27/27 MP: 1/1
   459 | D:1      | You fall through a shaft!
   923 | D:2      | Reached XP level 3. HP: 33/33 MP: 2/2
   946 | D:2      | Noticed Sigmund
   961 | D:2      | Killed Sigmund
   961 | D:2      | Reached skill level 5 in Armour
   961 | D:2      | Reached XP level 4. HP: 2/41 MP: 3/3
   961 | D:2      | Reached XP level 5. HP: 3/47 MP: 4/4
   995 | D:2      | Found a sparkling altar of Nemelex Xobeh.
   995 | D:2      | Found an ornate altar of the Wu Jian Council.
  1254 | D:2      | Became a worshipper of the Wu Jian Council
  1269 | D:2      | Found a runed translucent door.
  1270 | D:2      | Noticed Crazy Yiuf
  1605 | D:2      | Noticed Robin
  1608 | D:2      | Reached skill level 6 in Armour
  1617 | D:2      | Killed Robin
  1751 | D:2      | Reached skill level 5 in Fighting
  1838 | D:2      | Killed Crazy Yiuf
  2050 | D:3      | Reached XP level 6. HP: 29/56 MP: 5/5
  2498 | D:3      | Noticed Grinder
  2509 | D:3      | Killed Grinder
  2509 | D:3      | Reached skill level 5 in Axes
  2509 | D:3      | Reached skill level 7 in Armour
  2509 | D:3      | Reached XP level 7. HP: 43/61 MP: 6/6
  2715 | D:3      | Found a glowing golden altar of the Shining One.
  2715 | D:3      | Found a snail-covered altar of Cheibriados.
  2716 | D:3      | Found a hazy altar of Hepliaklqana.
  2766 | D:3      | Found a shattered altar of Ashenzari.
  2911 | D:3      | Reached * piety under Wu Jian
  3388 | D:4      | Reached skill level 8 in Armour
  3390 | D:4      | HP: 2/61 [killer bee (5)]
  3391 | D:3      | Succumbed to a killer bee's poison

Skill      XL: |  1  2  3  4  5  6  7 |
---------------+----------------------+-----
Armour         | 4 5 6 7 8 |  8.0
Fighting       | 4 5 |  5.0
Axes           | 3 4 5 |  5.5
Shields        | |  3.6

Action                   |  1- 3 |  4- 6 |  7- 9 || total
-------------------------+-------+-------+-------++-------
Melee: War axe           |    49 |    70 |       ||   119
       Headbutt          |     5 |    11 |    13 ||    29
       Mace              |       |       |    39 ||    39
Invok: Lunge             |       |     9 |     8 ||    17
       Whirlwind         |       |       |     3 ||     3
  Eat: Chunk             |       |     5 |     3 ||     8
Armor: Scale mail        |    25 |    28 |    12 ||    65
       Chain mail        |       |       |    12 ||    12
Dodge: Dodged            |    24 |    34 |    33 ||    91
